[Event "Team 45 45 League T51"]
[Site "Internet Chess Club"]
[Date "2011.12.11"]
[Round "5"]
[White "tamky70"]
[Black "wekabird"]
[Result "1-0"]
[WhiteElo "1346"]
[BlackElo "1166"]
[Opening "Bird's opening"]
[ECO "A02"]
[Time "19:00:30"]
[TimeControl "2700+45"]

1. f4 c6 2. Nf3 Nf6 3. d3 d5 4. c3 e6 5. g3 Be7 6. Bg2 O-O 7. O-O b6 8. Nbd2 a5
9. h3 Ba6 10. Rf2 Nbd7 11. Nf1 e5 12. fxe5 Ne8 13. d4 c5 14. Ne3 Bb7 15. Nh2
cxd4 16. cxd4 Rc8 17. Bd2 Nb8 18. Bf3 Bb4 19. Rc1 Nc7 20. Bxb4 axb4 21. Bg4 Ne6
22. Rxc8 Qxc8 23. Nf5 Qc4 24. e3 Qxa2 25. Nd6 Bc6 26. Bxe6 fxe6 27. Rxf8+ Kxf8
28. Qf3+ Ke7 29. Qf7+ Kd8 30. Qxe6 Qb1+ 31. Nf1 Bd7 32. Qxd5 Nc6 33. e6 Qg6 34.
Nb7+ Ke7 35. Qxd7+ Kf6 36. Qxc6 Kg5 37. Nd8 Qf6 38. Qd5+ Qf5 39. Qxf5+ Kxf5 40.
e7 Ke4 41. e8=Q+ Kd3 42. Qc6 b3 43. Ne6 g6 44. Nf4# {Black checkmated} 1-0

[Event "Team 45 45 League T51"]
[Site "Internet Chess Club"]
[Date "2011.12.11"]
[Round "5"]
[White "carolinaknight"]
[Black "theartist"]
[Result "0-1"]
[WhiteElo "1298"]
[BlackElo "1235"]
[Opening "French: advance, Euwe variation"]
[ECO "C02"]
[Time "14:31:52"]
[TimeControl "2700+45"]

1. e4 e6 2. d4 d5 3. e5 c5 4. Nf3 Nc6 5. c3 Bd7 6. Be2 Nge7 7. Na3 cxd4 8. Nb5
Nf5 9. Nbxd4 Nfxd4 10. cxd4 Bb4+ 11. Bd2 Qb6 12. O-O Nxd4 13. Be3 Nxe2+ 14. Qxe2
Bb5 15. Bxb6 Bxe2 16. Rfc1 axb6 17. Nd4 Ba6 18. Rc7 O-O 19. a3 Bc5 20. Nb3 Rac8
21. Nxc5 Rxc7 {White resigns} 0-1

[Event "Team 45 45 League T51"]
[Site "Internet Chess Club"]
[Date "2011.12.11"]
[Round "5"]
[White "wildangels"]
[Black "WilmaP"]
[Result "0-1"]
[WhiteElo "914"]
[BlackElo "1126"]
[Opening "Caro-Kann defense"]
[ECO "B12"]
[Time "09:00:51"]
[TimeControl "2700+45"]

1. e4 c6 2. d4 d5 3. Bd3 g6 4. Nc3 e6 5. Nf3 Nf6 6. e5 Ng8 7. O-O c5 8. Be3 c4
9. Be2 Qb6 10. Na4 Qc7 11. c3 Bd7 12. Nc5 Bc6 13. Bf4 Nd7 14. Ng5 Nxc5 15. Bg4
O-O-O 16. dxc5 Bxc5 17. Nf3 Ne7 18. Be3 Bxe3 19. fxe3 Qb6 20. Qd4 Qxb2 21. Ng5
Rdf8 22. Nxf7 Nf5 23. Nd6+ Nxd6 24. Bxe6+ Bd7 25. Qc5+ Kd8 26. exd6 Rxf1+ 27.
Rxf1 Qb6 28. Qxb6+ axb6 29. Bxd7 Kxd7 30. Rf6 Re8 31. Rf7+ Kxd6 32. Rxh7 Rxe3
33. Rxb7 Re1+ 34. Kf2 Rc1 35. Rxb6+ Kc5 36. Rxg6 Rxc3 37. Ra6 Rc2+ 38. Kg3 d4
39. h4 Rc3+ 40. Kg4 d3 41. g3 d2 42. h5 d1=Q+ 43. Kg5 Qd8+ 44. Rf6 Rxg3+ 45. Kf5
Rf3+ 46. Kg6 Qxf6+ 47. Kh7 Qh4 48. h6 Qe7+ 49. Kg6 Rf6+ 50. Kg5 Rxh6+ 51. Kxh6
c3 52. a4 c2 53. a5 c1=Q+ 54. Kg6 Qa3 {White resigns} 0-1

[Event "Team 45 45 League T51"]
[Site "Internet Chess Club"]
[Date "2011.12.09"]
[Round "5"]
[White "badmove"]
[Black "zap2"]
[Result "1/2-1/2"]
[WhiteElo "1728"]
[BlackElo "1803"]
[Opening "Trompowsky attack (Ruth, Opocenský opening)"]
[ECO "A45"]
[Time "04:40:42"]
[TimeControl "2700+45"]

1. d4 Nf6 2. Bg5 g6 3. Bxf6 exf6 4. e3 Bg7 5. g3 O-O 6. Bg2 d5 7. Ne2 c6 8. Nd2
Re8 9. c4 dxc4 10. Nxc4 f5 11. Rc1 Na6 12. O-O Nb4 13. a3 Nd5 14. b4 Be6 15. Nb2
Qe7 16. Nd3 Rad8 17. Nef4 Nf6 18. Nc5 Bd5 19. Nxd5 Nxd5 20. Qa4 a6 21. Qb3 Nf6
22. Rfd1 Ne4 23. Qc2 h5 24. Nxe4 fxe4 25. Qc5 f5 26. Rc2 Rd5 27. Qxe7 Rxe7 28.
Rc5 Red7 29. Bf1 Kh7 30. Rxd5 Rxd5 31. Bc4 {Game drawn by mutual agreement}
1/2-1/2

[Event "Team 45 45 League T51"]
[Site "Internet Chess Club"]
[Date "2011.12.12"]
[Round "5"]
[White "GrandUnified"]
[Black "mongmong"]
[Result "1/2-1/2"]
[WhiteElo "1697"]
[BlackElo "1606"]
[Opening "Catalan opening"]
[ECO "E00"]
[Time "18:04:31"]
[TimeControl "2700+45"]

1. d4 e6 2. c4 Nf6 3. g3 c5 4. d5 exd5 5. cxd5 b5 6. Bg2 Bb7 7. e4 d6 8. b3 Be7
9. Bb2 O-O 10. Nh3 Nbd7 11. O-O a5 12. Na3 b4 13. Nc4 Ba6 14. Re1 Bxc4 15. bxc4
Nb6 16. Qd3 Nfd7 17. e5 Nxe5 18. Bxe5 dxe5 19. d6 Qxd6 20. Qxd6 Bxd6 21. Bxa8
Rxa8 22. Red1 Rd8 23. Rac1 f6 24. Rc2 Kf7 25. f4 Ke7 26. fxe5 Bxe5 27. Rxd8 Kxd8
28. Nf2 Bd4 29. Kg2 Bxf2 30. Kxf2 Ke7 31. Ke3 Ke6 32. Kd3 Na4 33. Re2+ Kd7 {Game
drawn by mutual agreement} 1/2-1/2

[Event "Team 45 45 League T51"]
[Site "Internet Chess Club"]
[Date "2011.12.11"]
[Round "5"]
[White "seattleblues"]
[Black "sdcohle"]
[Result "0-1"]
[WhiteElo "1461"]
[BlackElo "1375"]
[Opening "French: King's Indian attack"]
[ECO "C00"]
[Time "21:01:54"]
[TimeControl "2700+45"]

1. e4 e6 2. d3 d5 3. Nd2 g6 4. Ngf3 dxe4 5. Nxe4 Bg7 6. Be2 Ne7 7. O-O O-O 8.
Bg5 Bxb2 9. Rb1 Bg7 10. d4 c6 11. Qd2 b6 12. Qb4 f6 13. Be3 Nd5 14. Qd2 Nxe3 15.
fxe3 Bb7 16. Rbd1 Qe7 17. c4 Nd7 18. Rc1 Rad8 19. Qc2 c5 20. Nc3 Bh6 21. Nd1
cxd4 22. Nxd4 Nc5 23. Qc3 Ne4 24. Qb2 Nc5 25. Qa1 Qd7 26. Nc2 Bg7 27. Qb1 Ne4
28. Nd4 Nd2 29. Qc2 Nxf1 30. Bxf1 Rc8 31. Qb3 Kh8 32. Rc2 e5 33. Nb5 {White
resigns} 0-1

[Event "Team 45 45 League T51"]
[Site "Internet Chess Club"]
[Date "2011.12.08"]
[Round "5"]
[White "jotap"]
[Black "calily"]
[Result "1/2-1/2"]
[WhiteElo "1649"]
[BlackElo "1739"]
[Opening "Caro-Kann: advance variation"]
[ECO "B12"]
[Time "04:30:37"]
[TimeControl "2700+45"]

1. e4 c6 2. d4 d5 3. e5 Bf5 4. Nf3 e6 5. Nbd2 Nd7 6. g3 h6 7. Bg2 Ne7 8. c4 dxc4
9. Nxc4 Nd5 10. a3 N7b6 11. Qe2 Nxc4 12. Qxc4 Be7 13. O-O O-O 14. Bd2 Rc8 15.
Rfc1 Qb6 16. b4 a6 17. Ne1 Qb5 18. Bf1 Nb6 19. Qb3 Qd5 20. Rc3 Be4 21. Rd1 Qxb3
22. Rxb3 Rfd8 23. Bc3 Bd5 24. Rb2 Nc4 25. Bxc4 Bxc4 26. Nd3 Bxd3 27. Rxd3 Rd5
28. f4 f6 29. Re2 fxe5 30. Rxe5 Kf7 31. Rde3 Rxe5 32. fxe5 Kg6 33. Kg2 Rf8 34.
Rf3 h5 35. Rxf8 Bxf8 36. Kf3 Kf5 37. h4 Be7 38. Bd2 g5 39. hxg5 Bxg5 40. Bxg5
Kxg5 41. Kf2 Kg4 42. Kg2 b5 43. Kf2 h4 44. gxh4 Kxh4 45. Kf3 Kg5 46. Ke3 Kg4 47.
Ke4 Kh5 48. Kf4 Kh4 49. Kf3 Kg5 50. Kg3 Kf5 {Game drawn by mutual agreement}
1/2-1/2

[Event "Team 45 45 League T51"]
[Site "Internet Chess Club"]
[Date "2011.12.07"]
[Round "5"]
[White "Juan73"]
[Black "celebrat"]
[Result "1-0"]
[WhiteElo "1761"]
[BlackElo "1511"]
[Opening "French: exchange variation"]
[ECO "C01"]
[Time "20:08:35"]
[TimeControl "2700+45"]

1. e4 e6 2. d4 d5 3. exd5 exd5 4. Nc3 Nc6 5. Nf3 Nf6 6. Bg5 Be7 7. Qd2 O-O 8.
O-O-O Bg4 9. h3 Bh5 10. g4 Bg6 11. Ne5 Ne4 12. Bxe7 Nxe7 13. Nxe4 dxe4 14. h4 f6
15. Bc4+ Kh8 16. Nxg6+ Nxg6 17. g5 f5 18. h5 Ne7 19. h6 g6 20. d5 Qd6 21. Qd4+
{Black resigns} 1-0

[Event "Team 45 45 League T51"]
[Site "Internet Chess Club"]
[Date "2011.12.12"]
[Round "5"]
[White "Timotheous"]
[Black "Andressa"]
[Result "1-0"]
[WhiteElo "1689"]
[BlackElo "1425"]
[Opening "Réti opening"]
[ECO "A13"]
[Time "08:09:07"]
[TimeControl "2700+45"]

1. Nf3 e6 2. c4 Nf6 3. g3 Be7 4. Bg2 O-O 5. O-O d5 6. b3 Nbd7 7. Bb2 c5 8. e3 b6
9. d3 Bb7 10. Nbd2 h6 11. Rc1 Rc8 12. Rc2 a5 13. Qa1 Bc6 14. Ne5 Qc7 15. Nxc6
Qxc6 16. cxd5 exd5 17. d4 Qe6 18. Rfc1 Rc7 19. a3 Rfc8 20. dxc5 Rxc5 21. Rxc5
Rxc5 22. Rd1 Qf5 23. e4 dxe4 24. Nxe4 Rb5 25. Qb1 Qe6 26. Rc1 Nxe4 27. Bxe4 g6
28. Bc2 Ne5 29. Bxe5 Rxe5 30. a4 Bc5 31. Rf1 Bxf2+ 32. Kxf2 Re2+ 33. Kg1 Qh3 34.
Rf2 Rxf2 35. Kxf2 Qxh2+ 36. Kf3 Qh5+ 37. Kg2 Qd5+ 38. Be4 Qd2+ 39. Kh3 f5 40.
Qd3 Qxd3 41. Bxd3 Kf7 42. Kg2 Kf6 43. Kf3 Ke5 44. g4 fxg4+ 45. Kxg4 Kf6 46. Kf4
Kg7 47. Ke5 h5 48. Kd6 Kf6 49. Kc6 g5 50. Kxb6 g4 51. Kxa5 g3 52. Bf1 h4 53. b4
Kg5 54. b5 Kg4 55. b6 h3 56. Bxh3+ Kxh3 57. b7 g2 58. b8=Q g1=Q 59. Qh8+ Kg2 60.
Qg7+ {Black resigns} 1-0

[Event "Team 45 45 League T51"]
[Site "Internet Chess Club"]
[Date "2011.12.10"]
[Round "5"]
[White "PANAMA-REY"]
[Black "Lee-D"]
[Result "0-1"]
[WhiteElo "1457"]
[BlackElo "1376"]
[Opening "Caro-Kann defense"]
[ECO "B10"]
[Time "10:04:07"]
[TimeControl "2700+45"]

1. e4 c6 2. Nf3 d5 3. exd5 cxd5 4. d4 Bf5 5. Nc3 e6 6. Bb5+ Nc6 7. Ne5 Rc8 8.
O-O Nf6 9. Bg5 Be7 10. Nxc6 bxc6 11. Ba6 Rc7 12. Bf4 Bd6 13. Bg5 O-O 14. Ne2 c5
15. c3 cxd4 16. Nxd4 Bxh2+ 17. Kxh2 Ng4+ 18. Kg1 Qxg5 19. Nf3 Qh6 20. Bd3 Be4
21. Qc1 Qxc1 22. Rfxc1 Bxd3 23. g3 Be4 24. Ng5 Bg6 25. f3 Ne5 26. Re1 Nd3 27.
Re2 h6 28. Nh3 Rb8 29. Nf4 Nxf4 30. gxf4 Rc4 31. Kf2 Rxf4 32. Re3 Rxb2+ 33. Kg3
Rc4 34. a3 Rc2 35. Rb1 R2xc3 36. Rb8+ Kh7 37. Re1 Rxa3 {White resigns} 0-1

[Event "Team 45 45 League T51"]
[Site "Internet Chess Club"]
[Date "2011.12.11"]
[Round "5"]
[White "OOB1"]
[Black "krysto"]
[Result "1-0"]
[WhiteElo "1488"]
[BlackElo "1594"]
[Opening "French: advance, Euwe variation"]
[ECO "C02"]
[Time "21:04:07"]
[TimeControl "2700+45"]

1. e4 e6 2. d4 d5 3. e5 c5 4. c3 Nc6 5. Nf3 Bd7 6. Bd3 cxd4 7. cxd4 Qb6 8. Bc2
Nb4 9. Nc3 Nxc2+ 10. Qxc2 Ne7 11. O-O Rc8 12. a3 Nf5 13. Qd1 Be7 14. g4 Nh4 15.
Nxh4 Bxh4 16. g5 h6 17. Qh5 Qxd4 18. Be3 g6 19. Bxd4 gxh5 20. gxh6 Rxh6 21. Bxa7
Bc6 22. Bd4 Rg6+ 23. Kh1 Kd7 24. f3 Rcg8 25. Rg1 Ke8 26. Rxg6 Rxg6 27. Rg1 Be7
28. Rg2 Kf8 29. Rxg6 fxg6 30. Kg2 Kg7 31. Kg3 g5 32. h3 Kg6 33. Nd1 b5 34. b4
Bf8 35. Nb2 Be8 36. Nd3 h4+ 37. Kf2 Kf5 38. Ke3 Bh6 39. Kf2 Bg7 40. Ke2 Bd7 41.
Bb2 Bc8 42. Ke3 Bh6 43. Kd4 Bf8 44. Bc1 Be7 45. Nc5 Bd8 46. Bd2 Bc7 47. Nd3 Bb6+
48. Nc5 Bc7 49. Nd3 Bd7 50. Kc5 Be8 51. Bc3 Bd7 52. Bd2 Be8 53. Bc3 Bd7 54. Bd2
Bxe5 55. Nxe5 Kxe5 56. Bxg5 d4 57. Bxh4 d3 58. Bg3+ Kf5 59. Be1 Kf4 60. Kd4 Kxf3
61. Kxd3 e5 62. h4 e4+ 63. Kd4 Be8 64. Kc5 e3 65. h5 Bxh5 66. Kxb5 Be8+ 67. Kc5
Ke2 68. Bh4 Kd3 69. b5 Bh5 70. a4 Bf3 71. a5 Kc3 72. b6 Kb3 73. a6 {Black
resigns} 1-0

[Event "Team 45 45 League T51"]
[Site "Internet Chess Club"]
[Date "2011.12.10"]
[Round "5"]
[White "Berke"]
[Black "Visin"]
[Result "1/2-1/2"]
[WhiteElo "1405"]
[BlackElo "1303"]
[Opening "Scotch: Göring gambit"]
[ECO "C44"]
[Time "12:00:56"]
[TimeControl "2700+45"]

1. e4 e5 2. Nf3 Nc6 3. d4 exd4 4. c3 dxc3 5. Nxc3 d6 6. Bc4 Be6 7. Bxe6 fxe6 8.
Qb3 h6 9. Qxb7 Nge7 10. Qb3 d5 11. O-O Rb8 12. Qd1 d4 13. Ne2 e5 14. b3 Ng6 15.
Bd2 Ba3 16. Nc1 O-O 17. Nd3 Bd6 18. Qc2 Qd7 19. Rac1 Nd8 20. h3 Ne6 21. Nh4 Nxh4
22. Qd1 Qf7 23. Qg4 Ng6 24. g3 Ne7 25. f4 Qg6 26. Qxg6 Nxg6 27. f5 {Game drawn
by mutual agreement} 1/2-1/2

[Event "Team 45 45 League T51"]
[Site "Internet Chess Club"]
[Date "2011.12.11"]
[Round "5"]
[White "reverendjim"]
[Black "Elalfer"]
[Result "1-0"]
[WhiteElo "1433"]
[BlackElo "1322"]
[Opening "QGD semi-Slav: 5...Nd7"]
[ECO "D45"]
[Time "23:00:17"]
[TimeControl "2700+45"]

1. d4 d5 2. c4 c6 3. Nc3 Nf6 4. Nf3 e6 5. e3 Nbd7 6. cxd5 exd5 7. Bd3 Bd6 8. O-O
O-O 9. a3 a5 10. a4 Re8 11. Bd2 Ne4 12. Na2 b6 13. b4 axb4 14. Nxb4 c5 15. Nxd5
Nxd2 16. Qxd2 Bb7 17. Bc4 Nf6 18. Nxf6+ Qxf6 19. Be2 Qh6 20. h3 Bc6 21. Qc2 cxd4
22. Nxd4 Be4 23. Bd3 Rec8 24. Qb3 Bxd3 25. Qxd3 Ra5 26. Nb5 Rd8 27. Qe4 Kf8 28.
Rfd1 Re8 29. Qf3 Bc5 30. Nc7 Rc8 31. Rd7 Be7 32. Nd5 Qe6 33. Rxe7 Rxd5 34. Rxe6
{Black resigns} 1-0

[Event "Team 45 45 League T51"]
[Site "Internet Chess Club"]
[Date "2011.12.12"]
[Round "5"]
[White "tamky70"]
[Black "katabatico"]
[Result "1-0"]
[WhiteElo "1365"]
[BlackElo "1390"]
[Opening "Ruy Lopez: closed, Lutikov variation"]
[ECO "C90"]
[Time "14:00:35"]
[TimeControl "2700+45"]

1. e4 e5 2. Nf3 Nc6 3. Bb5 a6 4. Ba4 b5 5. Bb3 Nf6 6. O-O Be7 7. Re1 O-O 8. c3
d6 9. Bc2 Bg4 10. h3 Bh5 11. d3 h6 12. Be3 d5 13. Qc1 Bxf3 14. gxf3 Kh7 15. exd5
Qxd5 16. Qd1 Kh8 17. Nd2 Qe6 18. Kh2 Bd6 19. Ne4 Nxe4 20. dxe4 Rad8 21. Qe2 Ne7
22. Rg1 Ng6 23. Rg3 Nf4 24. Bxf4 exf4 25. Rg2 Be5 26. Bb3 Qe7 27. Rd1 Rxd1 28.
Bxd1 Qd7 29. Bb3 c5 30. c4 Rd8 31. cxb5 Qd2 32. Qxd2 Rxd2 33. bxa6 Rd7 34. Rg1
Ra7 35. Bc4 Bxb2 36. Rb1 Bd4 37. Rb7 Ra8 38. Rxf7 Bxf2 39. Rd7 Rb8 40. Rb7 Rd8
41. Rb2 Bd4 42. Rd2 Bg1+ 43. Kxg1 Rxd2 44. Bd5 Rd1+ 45. Kf2 Rb1 46. a7 Rb2+ 47.
Ke1 Rb1+ 48. Kd2 {Black resigns} 1-0

[Event "Team 45 45 League T51"]
[Site "Internet Chess Club"]
[Date "2011.12.12"]
[Round "5"]
[White "Juan73"]
[Black "pudge"]
[Result "1-0"]
[WhiteElo "1747"]
[BlackElo "1444"]
[Opening "Four knights: Spanish variation"]
[ECO "C48"]
[Time "20:02:03"]
[TimeControl "2700+45"]

1. e4 e5 2. Nf3 Nc6 3. Nc3 Nf6 4. Bb5 d6 5. d4 exd4 6. Nxd4 Bd7 7. Bg5 Be7 8.
Qd2 Nxd4 9. Bxd7+ Qxd7 10. Qxd4 O-O 11. O-O-O Qg4 12. h4 Rfe8 13. Rhg1 a6 14.
Rd3 Qe6 15. Rg3 c5 16. Qe3 b5 17. Rd1 b4 18. Nd5 Nxd5 19. Rxd5 Bxg5 20. Qxg5 g6
21. f3 Kg7 22. Rh3 Rad8 23. Rh1 Qf6 24. Qxf6+ Kxf6 25. Rhd1 Ke7 26. e5 dxe5 27.
Rxe5+ Kf8 28. Rxd8 Rxd8 29. Rxc5 Ra8 30. Kd2 a5 31. Kd3 h5 32. Kc4 Re8 33. Kd3
Ra8 34. Ke4 a4 35. Ke5 Kg7 36. Rb5 Re8+ 37. Kf4 Re2 38. Kg3 a3 39. Rxb4 Rxc2 40.
bxa3 Rxa2 41. a4 Kf8 42. Kh3 Ra3 43. Rb8+ Ke7 44. a5 Rxa5 45. g4 hxg4+ 46. Kxg4
Ra4+ 47. f4 f6 48. Rb7+ Kf8 49. Rb5 Kf7 50. h5 gxh5+ 51. Rxh5 Kg6 52. Rd5 Rc4
53. Kf3 f5 54. Kg3 Re4 55. Rd2 Re3+ 56. Kf2 Re4 57. Kf3 Kf6 58. Rd8 Re7 59. Rf8+
Rf7 60. Rxf7+ Kxf7 61. Ke3 Kg6 62. Kd4 Kh5 63. Kd5 Kg4 64. Ke5 Kf3 65. Kxf5 Ke3
66. Ke5 {Black resigns} 1-0

[Event "Team 45 45 League T51"]
[Site "Internet Chess Club"]
[Date "2011.12.10"]
[Round "5"]
[White "spongenotbob"]
[Black "PANAMA-REY"]
[Result "1-0"]
[WhiteElo "1641"]
[BlackElo "1433"]
[Opening "QGD Slav defense"]
[ECO "D10"]
[Time "17:45:09"]
[TimeControl "2700+45"]

1. d4 d5 2. c4 c6 3. Nc3 Nf6 4. Bg5 e6 5. e3 Be7 6. Nf3 h6 7. Bh4 Nbd7 8. Bd3
Nb6 9. c5 Nbd7 10. O-O O-O 11. Qc2 Ng4 12. Bxe7 Qxe7 13. h3 Ngf6 14. e4 e5 15.
exd5 cxd5 16. dxe5 Nxe5 17. Nxe5 Qxe5 18. Rfe1 Qg5 19. Kh2 Qf4+ 20. g3 Qc7 21.
Nb5 Qd7 22. g4 Nxg4+ 23. hxg4 Qxg4 24. Re3 Qh4+ 25. Kg2 Be6 26. Rh1 Qf4 27. Rf3
Qg5+ 28. Rg3 Qf4 29. Qe2 d4 30. Qe4 Qxe4+ 31. Bxe4 Kh8 32. Nxd4 Bxa2 33. Nf5 Rg8
34. Nxh6 Rge8 35. Nf5+ Kg8 36. Rxg7+ Kf8 37. Rh8# {Black checkmated} 1-0

[Event "Team 45 45 League T51"]
[Site "Internet Chess Club"]
[Date "2011.12.12"]
[Round "5"]
[White "sockmonkey"]
[Black "medsurg"]
[Result "0-1"]
[WhiteElo "1297"]
[BlackElo "1386"]
[Opening "Torre attack (Tartakower variation)"]
[ECO "D03"]
[Time "15:00:06"]
[TimeControl "2700+45"]

1. d4 d5 2. Nf3 Nf6 3. Bg5 e6 4. e3 Nbd7 5. Bd3 h6 6. Bh4 g5 7. Bg3 Bg7 8. h3
Qe7 9. Bxc7 Qb4+ 10. c3 Qxb2 11. Nbd2 Qxc3 12. Qb1 Qxc7 13. Bg6 fxg6 14. Qxg6+
Kf8 15. O-O Qd8 16. Ne5 Qe8 17. Ndf3 Nxe5 18. Nxe5 Rg8 19. Qc2 Nd7 20. f4 Bxe5
21. fxe5+ Kg7 22. Rf3 Rf8 23. Rxf8 Nxf8 24. Rf1 Bd7 {White resigns} 0-1

[Event "Team 45 45 League T51"]
[Site "Internet Chess Club"]
[Date "2011.12.11"]
[Round "5"]
[White "tworivers"]
[Black "Docvan"]
[Result "1-0"]
[WhiteElo "1469"]
[BlackElo "1212"]
[Opening "Queen's pawn"]
[ECO "A40"]
[Time "20:00:22"]
[TimeControl "2700+45"]

1. d4 e6 2. Bf4 d5 3. e3 Nf6 4. h3 Nbd7 5. Nf3 Bd6 6. Ne5 Ne4 7. Bd3 Ng5 8. Nd2
O-O 9. Qh5 g6 10. Qxg5 Qxg5 11. Bxg5 f6 12. Bh6 Re8 13. Nxd7 Bxd7 14. O-O-O c5
15. dxc5 Bxc5 16. Nb3 Bd6 17. Rhe1 e5 18. e4 d4 19. Bd2 b6 20. Kb1 a5 21. Bc4+
Kg7 22. Bd5 Ra7 23. Nc1 a4 24. a3 b5 25. Nd3 Rb8 26. Bb4 Bxb4 27. Nxb4 Rc8 28.
Rd3 Rac7 29. f4 Rf8 30. Rf1 Re8 31. f5 g5 32. h4 h6 33. hxg5 hxg5 34. Rh3 Rh8
35. Rfh1 Rcc8 36. Rxh8 Rxh8 37. Rxh8 Kxh8 38. g4 Kg7 39. c3 Kf8 40. cxd4 exd4
41. Nc6 Bxc6 42. Bxc6 Ke7 43. Bxb5 Kd6 44. Bxa4 Kc5 45. Bc2 Kb6 46. b4 {Black
resigns} 1-0

[Event "Team 45 45 League T51"]
[Site "Internet Chess Club"]
[Date "2011.12.12"]
[Round "5"]
[White "jjmolina"]
[Black "UsuallySleepy"]
[Result "1/2-1/2"]
[WhiteElo "1804"]
[BlackElo "1954"]
[Opening "French: MacCutcheon, Lasker variation, 8...g6"]
[ECO "C12"]
[Time "16:41:47"]
[TimeControl "2700+45"]

1. e4 e6 2. d4 d5 3. Nc3 Nf6 4. Bg5 Bb4 5. e5 h6 6. Bd2 Bxc3 7. bxc3 Ne4 8. Qg4
g6 9. Bd3 Nxd2 10. Kxd2 c5 11. Nf3 c4 12. Be2 Bd7 13. Rhb1 Bc6 14. Qf4 Nd7 15.
Qe3 Qe7 16. a4 O-O-O 17. a5 g5 18. h3 f5 19. exf6 Qxf6 20. Ne5 Nxe5 21. dxe5 Qf4
22. g3 Qxe3+ 23. Kxe3 h5 24. f4 Rdg8 25. Rg1 Be8 26. h4 gxh4 27. gxh4 Bg6 28.
Rg5 Bxc2 29. Rag1 Rxg5 30. Rxg5 {Game drawn by mutual agreement} 1/2-1/2

[Event "Team 45 45 League T51"]
[Site "Internet Chess Club"]
[Date "2011.12.11"]
[Round "5"]
[White "LAgenieMP"]
[Black "Reeza"]
[Result "1/2-1/2"]
[WhiteElo "1878"]
[BlackElo "1803"]
[Opening "Ruy Lopez: Exchange variation doubly deferred (DERLD)"]
[ECO "C85"]
[Time "12:01:47"]
[TimeControl "2700+45"]

1. e4 e5 2. Nf3 Nc6 3. Bb5 a6 4. Ba4 Nf6 5. O-O Be7 6. Bxc6 dxc6 7. Nxe5 Nxe4 8.
d3 Nf6 9. Nc3 O-O 10. Bg5 h6 11. Bh4 Qd4 12. Nf3 Qb6 13. Rb1 Bg4 14. h3 Be6 15.
Na4 Qa5 16. Nc3 Rad8 17. Re1 Rfe8 18. a3 c5 19. Re5 Qb6 20. Qe2 g5 21. Bg3 Bd6
22. Re3 Bxg3 23. fxg3 g4 24. Ne5 gxh3 25. Rf1 Nh7 26. gxh3 Qxb2 27. Nd1 Qxa3 28.
Qh5 Rf8 29. Qxh6 Qc1 30. Nf2 Qxc2 31. Ne4 Bd5 32. Nf6+ Nxf6 33. Qg5+ Kh7 34.
Qh4+ Kg8 35. Qg5+ {Game drawn by mutual agreement} 1/2-1/2

[Event "Team 45 45 League T51"]
[Site "Internet Chess Club"]
[Date "2011.12.11"]
[Round "5"]
[White "Heian"]
[Black "badmove"]
[Result "0-1"]
[WhiteElo "1820"]
[BlackElo "1749"]
[Opening "Scotch gambit: Benima defense"]
[ECO "C50"]
[Time "15:22:02"]
[TimeControl "2700+45"]

1. e4 e5 2. Nf3 Nc6 3. Bc4 Be7 4. d4 exd4 5. Nxd4 d6 6. Nxc6 bxc6 7. O-O Nf6 8.
Qe2 O-O 9. Bb3 d5 10. e5 Ne4 11. Be3 Nc5 12. c4 Nxb3 13. axb3 d4 14. Rd1 c5 15.
b4 Bd7 16. Bf4 Be6 17. b5 Qc8 18. b3 c6 19. bxc6 Qxc6 20. Nd2 Bf5 21. Bg3 a5 22.
f4 a4 23. bxa4 Rxa4 24. Rxa4 Qxa4 25. Nf3 d3 26. Qd2 Qxc4 27. Bf2 Qd5 28. h3 c4
29. Ra1 Bc5 30. Ra5 Bxf2+ 31. Kxf2 Qc6 32. Qe3 Rc8 33. Nd4 Qe4 34. Nxf5 Qxf5 35.
g4 Qd7 36. Ke1 c3 37. Rc5 d2+ 38. Kf2 Rxc5 39. Qxc5 d1=Q 40. Qxc3 Q1d2+ 41. Qxd2
Qxd2+ 42. Kf3 Kf8 {White resigns} 0-1

[Event "Team 45 45 League T51"]
[Site "Internet Chess Club"]
[Date "2011.12.08"]
[Round "5"]
[White "Kingofknights"]
[Black "Juan73"]
[Result "1-0"]
[WhiteElo "1705"]
[BlackElo "1742"]
[Opening "QGD: Marshall defense"]
[ECO "D06"]
[Time "20:05:07"]
[TimeControl "2700+45"]

1. d4 d5 2. c4 Nf6 3. cxd5 Nxd5 4. e4 Nb6 5. b3 Nc6 6. Bb5 a6 7. Bxc6+ bxc6 8.
Be3 Qd6 9. Qc2 Bd7 10. Nf3 e6 11. Nbd2 Qe7 12. O-O Qf6 13. Rac1 Ba3 14. Rcd1 Qg6
15. Ne5 Qh5 16. Ndc4 Nxc4 17. Qxc4 Bd6 18. f4 Bxe5 19. dxe5 Qh4 20. Rd2 a5 21.
Rfd1 Rd8 22. g3 Qg4 23. Kg2 h5 24. h3 Qg6 25. Rxd7 Rxd7 26. Qxc6 Qxe4+ 27. Qxe4
Rxd1 28. Qc6+ Rd7 29. Bc5 Rh6 30. Qa8+ Rd8 31. Qxa5 Rd7 32. Bb4 f6 33. Qc5 Rh8
34. Qc6 fxe5 35. Qxe6+ Kd8 36. Qc6 Ke8 37. fxe5 Rh6 38. e6 {Black resigns} 1-0

[Event "Team 45 45 League T51"]
[Site "Internet Chess Club"]
[Date "2011.12.09"]
[Round "5"]
[White "Sir-Sinister"]
[Black "Pacini"]
[Result "1/2-1/2"]
[WhiteElo "1862"]
[BlackElo "2073"]
[Opening "Richter-Veresov attack"]
[ECO "D01"]
[Time "20:16:38"]
[TimeControl "2700+45"]

1. d4 Nf6 2. Nc3 d5 3. Bg5 Nbd7 4. Qd3 h6 5. Bh4 c6 6. Nf3 Qa5 7. Nd2 b5 8. a3
e6 9. e4 b4 10. Nb3 Qb6 11. Na4 Qc7 12. Bg3 dxe4 13. Bxc7 exd3 14. Bxd3 Nd5 15.
Bg3 bxa3 16. bxa3 N5b6 17. Nb2 a5 18. Be4 Bb7 19. O-O Be7 20. a4 O-O 21. Nd3 Nd5
22. c4 Nb4 23. Ne5 Rfd8 24. Rfd1 Nxe5 25. Bxe5 Rd7 26. Rd2 f6 27. Bg3 Rad8 28.
Rad1 Ra8 29. Ra1 Kf7 30. Bf3 Bd6 31. Bxd6 Rxd6 32. Rb1 e5 33. dxe5 Rxd2 34. Nxd2
fxe5 35. Nb3 Bc8 36. Nxa5 Rxa5 37. Rxb4 c5 38. Rb5 Rxa4 39. h3 Be6 40. Rxc5 Rxc4
41. Rxe5 Kf6 42. Ra5 Rc1+ 43. Kh2 Rc2 44. Kg3 Rc3 45. Kh2 Rc2 46. Kg3 Rc3 47.
Kh2 Rc2 {Game drawn by repetition} 1/2-1/2

[Event "Team 45 45 League T51"]
[Site "Internet Chess Club"]
[Date "2011.12.14"]
[Round "5"]
[White "smyslovVchess"]
[Black "gwolff"]
[Result "0-1"]
[WhiteElo "1763"]
[BlackElo "1841"]
[Opening "French: Albin-Alekhine-Châtard attack, Maróczy variation"]
[ECO "C13"]
[Time "12:35:11"]
[TimeControl "2700+45"]

1. e4 e6 2. d4 d5 3. Nc3 Nf6 4. Bg5 Be7 5. e5 Nfd7 6. h4 a6 7. Qf3 c5 8. O-O-O
Bxg5+ 9. hxg5 Qxg5+ 10. Kb1 cxd4 11. Rxd4 Nxe5 12. Qd1 Nbc6 13. Rdh4 Qf5 14. f4
Ng6 15. Bd3 Qf6 16. Bxg6 Qxg6 17. Nf3 Bd7 18. Ng5 h6 19. Nxd5 exd5 20. Qxd5
Qxc2+ 21. Ka1 O-O-O 22. Nxf7 Bf5 23. Nxd8 Rxd8 24. Qb3 Qd2 25. a3 {White
resigns} 0-1

[Event "Team 45 45 League T51"]
[Site "Internet Chess Club"]
[Date "2011.12.11"]
[Round "5"]
[White "Kheeljoi"]
[Black "leandro-fire"]
[Result "1-0"]
[WhiteElo "1804"]
[BlackElo "1718"]
[Opening "Alekhine's defense: Scandinavian variation"]
[ECO "B02"]
[Time "18:03:09"]
[TimeControl "2700+45"]

1. e4 Nf6 2. Nc3 d5 3. e5 Ne4 4. Nxe4 dxe4 5. d4 exd3 6. Bxd3 Qd5 7. Nf3 Bg4 8.
Qe2 c6 9. Bc4 Bxf3 10. gxf3 Qa5+ 11. Bd2 Qb6 12. O-O-O e6 13. f4 Bc5 14. f5 O-O
15. fxe6 fxe6 16. Qh5 Na6 17. Bxe6+ Kh8 18. Rhg1 Bxf2 19. Rxg7 Kxg7 20. Bh6+ Kh8
21. Bg7+ Kxg7 22. Rd7+ Kh8 23. Qxh7# {Black checkmated} 1-0